 Dungeon Crawl Stone Soup version 0.27.1-34-g3ba077fa99 (webtiles) character file.

Game seed: 12525308864321213157

681 safid the Chopper (level 7, 59/59 HPs)
             Began as a Hill Orc Fighter on Jan 19, 2022.
             Quit the game on level 5 of the Dungeon.
             The game lasted 00:06:28 (4485 turns).

safid the Chopper (Hill Orc Fighter)                Turns: 4485, Time: 00:06:29

Health: 59/59      AC:  7    Str: 21    XL:     7   Next: 61%
Magic:  7/7        EV:  8    Int:  8    God:
Gold:   199        SH: 10    Dex: 10    Spells: 6/6 levels left

rFire    + . .     SeeInvis .   a - +0 war axe
rCold    . . .     Faith    .   c - +0 kite shield
rNeg     . . .     Spirit   .   b - +0 scale mail
rPois    .         Reflect  .   (no helmet)
rElec    .         Harm     .   (no cloak)
rCorr    .         Rampage  .   (no gloves)
Will     .....                  (no boots)
Stlth    ..........             (no amulet)
HPRegen  0.19/turn              g - ring of protection from fire
MPRegen  0.10/turn              o - ring of flight

@: flying
A: no striking features
a: no special abilities


You were on level 5 of the Dungeon.
You visited 1 branch of the dungeon, and saw 4 of its levels.

You collected 199 gold pieces.

Inventory:

Hand Weapons
 a - a +0 war axe (weapon)
Armour
 b - a +0 scale mail (worn)
 c - a +0 kite shield (worn)
Jewellery
 g - a ring of protection from fire (left hand)
 l - a ring of fire
 o - a ring of flight (right hand)
Wands
 q - a wand of flame (13)
Scrolls
 e - a scroll of vulnerability {unknown}
 i - a scroll of fear {unknown}
 j - 5 scrolls of identify {unknown}
 k - 2 scrolls of teleportation {unknown}
 m - a scroll of magic mapping {unknown}
 n - a scroll of fog {unknown}
 r - a scroll of amnesia {unknown}
Potions
 d - a potion of might
 f - 3 potions of curing {unknown}
 h - 2 potions of mutation {unknown}
 p - a potion of lignification {unknown}


   Skills:
 - Level 4.0 Fighting
 + Level 7.6 Axes
 - Level 4.0 Armour
 + Level 6.8 Shields


You had 6 spell levels left.
You didn't know any spells.
Your spell library contained the following spells:

 Spells                   Type           Power      Damage    Failure   Level
 Sting                    Tmut/Pois      0%         1d3       97%         1
 Poisonous Vapours        Pois/Air       0%         N/A       99%         2
 Stone Arrow              Conj/Erth      0%         3d7       100%        3
 Olgreb's Toxic Radiance  Pois           0%         N/A       100%        4
 Bolt of Magma            Conj/Fire/Erth 0%         4d4       100%        5
 Shatter                  Erth           0%         3d5*      100%        9


Dungeon Overview and Level Annotations

Branches:
Dungeon (5/15)
 Temple: D:4-7

Altars:
Beogh

Annotations:
D:4 2 transporters, unlimited1921's ghost, amateur DsBe
D:5 3 runed translucent doors, osoart's ghost, novice TrFi


Message History

No target in view!
No target in view!
No target in view!
No target in view!
No target in view!
Found a scale mail.
Found a halberd.
You now have 190 gold pieces (gained 20).
r - a scroll labelled WATARH HACEYG You see here a +0 scale mail.
You see here a +0 halberd.
You see here a +0 halberd.
Found a stone staircase leading up.
Found a sedimented golden potion.
f - 3 sedimented golden potions (gained 1)
Found 9 gold pieces.
Found a mace.
You now have 199 gold pieces (gained 9).
The orc priest shouts, "Join the one true god or die!" (press Y on the ability menu to convert to Beogh)
The orc priest shouts!
You hear a shout!
The orc shouts!
You hear a shout!
The orc shouts!
The orc shouts! x2; You hear a shout!
The orc priest shouts, "Join the one true god or die!"
The orc shouts!
The orc priest shouts!
Found a hat.
Found a roughly hewn altar of Beogh.
The orc grunts loudly.
Sorry, you're not good enough to have a special ability.
Sorry, you're not good enough to have a special ability.
Level annotation: 3 runed translucent doors, osoart's ghost, novice TrFi Welcome back, safid the Hill Orc Fighter.
Press ? for a list of commands and other information.
Unknown command.
Unknown command.
Unknown command.
Sorry, you're not good enough to have a special ability.
Unknown command.
Unknown command.
Are you sure you want to abandon this character and quit the game? (Confirm with "yes".)

#####8# #######.## 8
...#.# #.# .##..#.#
#># 8#..#.# #.# .
#oo#.# #.# ... #o#.#
#.# ..oo#o+.## #.#
_.8o#o+..###
[..W#o+.@..# .
#.#.##.# #..#.##.#
.8#..#.##.###
..##..#...#.)# 8
....#.##.#.########
######8##...........
#.###..########
.#.###..##


You could see 2 orc priests and 7 orcs.

Vanquished Creatures
  A water moccasin (D:5)
  2 necrophages (D:4)
  A phantom (D:4)
  A bullfrog (D:4)
  A hound (D:4)
  2 jellies
  A bullfrog skeleton (D:5)
  A hound skeleton (D:4)
  3 gnolls (D:2)
  5 adders
  An ufetubus (D:5)
  A worm (D:2)
  3 dart slugs
  2 orcs (D:4)
  2 bats
  4 endoplasms
  A giant cockroach (D:4)
  5 goblins
  5 hobgoblins
  2 jackals (D:1)
  2 quokkas
  6 ball pythons
  8 kobolds
  7 rats
67 creatures vanquished.

Notes
Turn   | Place    | Note
-------+----------+-------------------------------------------
     0 | D:1      | safid the Hill Orc Fighter began the quest for the Orb.
     0 | D:1      | Reached XP level 1. HP: 19/19 MP: 1/1
   187 | D:1      | Reached skill level 3 in Axes
   187 | D:1      | Reached XP level 2. HP: 5/27 MP: 2/2
   902 | D:1      | Reached XP level 3. HP: 33/33 MP: 3/3
  1076 | D:1      | Found a faded altar of an unknown god.
  1454 | D:2      | Reached XP level 4. HP: 40/40 MP: 4/4
  1765 | D:2      | Reached skill level 4 in Axes
  2287 | D:2      | You fall into a shaft and drop 2 floors!
  2422 | D:4      | Noticed an ogre
  2425 | D:4      | Found a transporter.
  2426 | D:4      | Noticed a black bear
  2428 | D:4      | Noticed unlimited1921's ghost (amateur DsBe)
  2439 | D:4      | Found a transporter.
  2450 | D:4      | Reached XP level 5. HP: 33/46 MP: 5/5
  2680 | D:4      | Reached skill level 5 in Axes
  2922 | D:4      | Reached skill level 5 in Shields
  3114 | D:4      | Reached XP level 6. HP: 42/52 MP: 6/6
  3138 | D:4      | Noticed a necrophage
  3148 | D:4      | Killed a necrophage
  3149 | D:4      | Reached skill level 6 in Axes
  3161 | D:4      | Noticed a necrophage
  3173 | D:4      | Killed a necrophage
  3174 | D:4      | Reached XP level 7. HP: 44/59 MP: 7/7
  3356 | D:4      | HP: 2/59 [phantom (8)]
  3779 | D:5      | Entered Level 5 of the Dungeon
  3801 | D:5      | Reached skill level 7 in Axes
  4477 | D:5      | Found a runed translucent gate.
  4477 | D:5      | Found a runed translucent gate.
  4477 | D:5      | Found a runed translucent gate.
  4479 | D:5      | Noticed osoart's ghost (novice TrFi)
  4480 | D:5      | Identified the +3 scale mail of Limited Liability {Int+4
                  | Dex+5 Slay-4}
  4482 | D:5      | Found a roughly hewn altar of Beogh.
  4485 | D:5      | Quit the game

Illustrated notes

Levels and vault maps discovered:
D:1:      minmay_arrival_hallway, layout_basic, shapermc_ecumenical_altar_petra,
          serial_corexii_hall, corexii_hall_statues_i, corexii_hall_statues_t
D:2:      layout_basic
D:4:      layout_loops_cross, gammafunk_ghost_arena
D:5:      layout_loops_ring, biasface_ghost_orc_armoury

Skill      XL: |  1  2  3  4  5  6  7 |
---------------+----------------------+-----
Axes           | 3 4 5 6 7 |  7.6
Fighting       | 4 |  4.0
Armour         | 4 |  4.0
Shields        | 4 5 6 |  6.8

Action                   |  1- 3 |  4- 6 |  7- 9 || total
-------------------------+-------+-------+-------++-------
Melee: War axe           |    65 |   129 |    55 ||   249
Armor: Scale mail        |    37 |    57 |    10 ||   104
Dodge: Dodged            |    25 |    53 |    12 ||    90
Block: Kite shield       |    41 |    67 |    36 ||   144
